 Dungeon Crawl Stone Soup version 0.16-b1 (webtiles) character file.

6865 Zapata the Basher (level 11, -6/64 HPs)
             Began as a Kobold Berserker on Mar 15, 2015.
             Was a High Priest of Trog.
             Mangled by a hill giant
             ... wielding a +0 giant spiked club
              (22 damage)
             ... on level 10 of the Dungeon.
             The game lasted 00:16:31 (11868 turns).

Zapata the Basher (Kobold Berserker)               Turns: 11868, Time: 00:16:31

Health: -6/64      AC: 15    Str: 15    XL:     11   Next: 26%
Magic:  11/11      EV: 12    Int:  5    God:    Trog [*****.]
Gold:   627        SH:  0    Dex: 20    Spells: 0 memorised, 10 levels left

rFire  . . .     SeeInvis .     a - +2 mace (crush)
rCold  + . .     Clarity  .     o - +3 chain mail
rNeg   . . .     SustAb   .     (no shield)
rPois  .         Gourm    .     g - +2 hat
rElec  .         Spirit   .     (no cloak)
rCorr  .         Warding  .     (no gloves)
rMut   .         Stasis   .     l - +0 pair of boots (curse)
MR     .....                    (no amulet)
Stlth  ..........               (no ring)
                                j - ring of protection from cold

@: not resistant to hostile enchantments, extremely unstealthy
A: carnivore 3
a: Burn Spellbooks, Berserk, Trog's Hand, Brothers in Arms, Renounce Religion


You were on level 10 of the Dungeon.
You worshipped Trog.
Trog was extremely pleased with you.
You were full.

You visited 1 branch of the dungeon, and saw 10 of its levels.

You collected 627 gold pieces.

Inventory:

Hand weapons
 a - a +2 mace of crushing (weapon)
Missiles
 e - 243 stones (quivered)
 k - 40 bolts
 w - 11 tomahawks
 C - 14 bolts of penetration
 G - 7 tomahawks of returning
Armour
 g - a +2 hat (worn)
 l - a cursed +0 pair of boots (worn)
 o - a +3 chain mail (worn)
Jewellery
 j - a ring of protection from cold (left hand)
 B - an uncursed ring of fire
Magical devices
 q - a wand of frost (29)
 E - a wand of digging (18)
 J - a wand of hasting (3)
Scrolls
 b - 3 scrolls of enchant weapon {unknown}
 d - a scroll of magic mapping {unknown}
 f - 9 scrolls of remove curse
 h - 3 scrolls of immolation {unknown}
 p - 3 scrolls of amnesia {unknown}
 s - 3 scrolls of teleportation {unknown}
 t - 6 scrolls of identify {unknown}
 u - 4 scrolls of recharging {unknown}
 y - a scroll of blinking {unknown}
 A - a scroll of noise {unknown}
 H - a scroll of random uselessness {unknown}
 K - a scroll of holy word {unknown}
Potions
 i - 5 potions of curing
 m - 2 potions of poison {unknown}
 n - a potion of brilliance {unknown}
 r - a potion of cancellation {unknown}
 v - 4 potions of restore abilities
 z - a potion of degeneration {unknown}
 D - a potion of ambrosia {unknown}
 F - a potion of haste {unknown}
 I - 2 potions of resistance {unknown}
Comestibles
 c - 14 meat rations
 x - 2 beef jerkies


   Skills:
 + Level 5.2 Fighting
 - Level 14.0 Maces & Flails
 * Level 4.8 Armour
 + Level 5.0 Dodging
 + Level 4.7 Stealth


You had 10 spell levels left.
You didn't know any spells.

Dungeon Overview and Level Annotations

Branches:
Dungeon (10/15)            Temple (0/1) D:5            Lair (0/8) D:10
    Orc (0/4) D:10

Altars:
Ashenzari
Cheibriados
Gozag
Kikubaaqudgha
Nemelex Xobeh
Okawaru
Qazlal
Sif Muna

Annotations:
D:1 dig


Innate Abilities, Weirdness & Mutations

You are small and have problems with some larger weapons.
You are carnivorous and can eat meat at any time.


Message History

You are too injured to fight recklessly!
You are too injured to fight recklessly!
You are too injured to fight recklessly!
You are too injured to fight recklessly!
You are too injured to fight recklessly!
You are too injured to fight recklessly!
You are too injured to fight recklessly!
You are too injured to fight recklessly!
You are too injured to fight recklessly!
You are too injured to fight recklessly!
Unknown command.
Drink which item? (? for menu, Esc to quit)
Okay, then.
The orc warrior barely misses you.
Drink which item? (? for menu, Esc to quit)
It was a potion of curing.
You feel better. The orc warrior closely misses you.
Use which ability? (? or * to list)
Your two-headed ogre goes berserk!
The hill giant hits you with a giant spiked club!!
You die...

.... .# ..... ...#
##.... #..##..?. .
#....... .. ...o. #..
#oo# .... #C# .....
#@# #......... #O#
#........# #.# #..#
#...#
#..####.#######.#
#....
#........#....#####...
##..............###...
#)##....#............
#.# ######............
#. #............


You could see a hill giant, an orc warrior, 2 orcs and a friendly two-headed
ogre (berserk).

Vanquished Creatures
  The ghost of cachaos the Shield-Bearer, an experienced HOFi of Yredelemnul (D:6)
  A troll (D:9)
  A two-headed ogre (D:8)
  A wraith (D:10)
  A wyvern (D:9)
  A yak (D:10)
  A spriggan (D:7)
  A hungry ghost (D:9)
  2 steam dragons
  2 wargs (D:10)
  An orc warrior (D:9)
  A necrophage (D:7)
  4 ogres
  3 sky beasts
  A black bear (D:8)
  An ice beast (D:6)
  3 centaurs (D:9)
  A big kobold (D:10)
  A wyvern zombie (D:8)
  Blork the orc (D:6)
  8 giant frogs
  3 scorpions
  8 killer bees (D:9)
  8 wights
  4 crimson imps
  2 goliath beetles
  7 hounds
  A giant frog skeleton (D:9)
  A jelly (D:10)
  2 quasits
  4 worker ants
  7 orc wizards
  6 orc priests
  2 iguanas
  A hound zombie (D:9)
  A mummy (D:9)
  4 hound skeletons
  A worker ant zombie (D:9)
  Robin (D:3)
  11 adders
  3 shadow imps
  2 giant mites
  6 worms
  2 adder zombies (D:7)
  3 giant geckos
  32 orcs
  17 bats
  A bat skeleton (D:5)
  2 bat zombies (D:5)
  3 giant cockroaches
  17 hobgoblins
  14 jackals
  14 kobolds
  An ooze (D:3)
  A quokka (D:3)
  6 giant newts
  19 goblins
  A hobgoblin zombie (D:10)
  A quokka skeleton (D:5)
  35 rats
  A plant (D:1)
292 creatures vanquished.

Vanquished Creatures (collateral kills)
  A spiny frog (D:10)
  A blink frog (D:10)
  A yak (D:10)
  2 wargs (D:10)
  A giant frog (D:10)
  A crimson imp (D:10)
7 creatures vanquished.

Grand Total: 299 creatures vanquished

Notes
Turn   | Place    | Note
--------------------------------------------------------------
     0 | D:1      | Zapata, the Kobold Berserker, began the quest for the Orb.
     0 | D:1      | Reached XP level 1. HP: 14/14 MP: 1/1
   379 | D:1      | Reached XP level 2. HP: 8/19 MP: 2/2
   738 | D:1      | Found a sparkling altar of Nemelex Xobeh.
   915 | D:1      | Reached skill level 4 in Maces & Flails
   915 | D:1      | Reached XP level 3. HP: 20/23 MP: 3/3
  1150 | D:1      | Acquired Trog's second power
  2183 | D:3      | Reached skill level 5 in Maces & Flails
  2183 | D:3      | Reached XP level 4. HP: 23/28 MP: 4/4
  2342 | D:3      | Reached XP level 5. HP: 30/32 MP: 5/5
  2615 | D:3      | Reached skill level 6 in Maces & Flails
  2704 | D:3      | Noticed Robin
  2982 | D:3      | Found an ancient bone altar of Kikubaaqudgha.
  3122 | D:4      | Reached XP level 6. HP: 28/37 MP: 6/6
  3375 | D:4      | Reached skill level 7 in Maces & Flails
  3925 | D:4      | Reached XP level 7. HP: 41/41 MP: 7/7
  4269 | D:5      | Entered Level 5 of the Dungeon
  4563 | D:5      | Reached skill level 8 in Maces & Flails
  4658 | D:5      | Found a stormy altar of Qazlal.
  4883 | D:5      | Reached XP level 8. HP: 46/46 MP: 8/8
  4899 | D:5      | Found a staircase to the Ecumenical Temple.
  4950 | D:5      | Acquired Trog's third power
  4981 | D:5      | Reached skill level 9 in Maces & Flails
  5094 | D:5      | Noticed a steam dragon
  5104 | D:5      | Killed a steam dragon
  5195 | D:5      | Found an iron altar of Okawaru.
  5318 | D:5      | Found a deep blue altar of Sif Muna.
  5558 | D:3      | Killed Robin
  5650 | D:6      | Reached skill level 10 in Maces & Flails
  5812 | D:6      | Noticed Blork the orc
  5820 | D:6      | Killed Blork the orc
  5977 | D:6      | Found a shattered altar of Ashenzari.
  6000 | D:6      | Noticed cachaos' ghost (experienced HOFi)
  6016 | D:6      | Killed cachaos' ghost
  6016 | D:6      | Reached skill level 11 in Maces & Flails
  6016 | D:6      | Reached XP level 9. HP: 51/51 MP: 9/9
  6328 | D:6      | Found a snail-covered altar of Cheibriados.
  7103 | D:7      | Reached skill level 12 in Maces & Flails
  7513 | D:7      | Found an opulent altar of Gozag.
  7884 | D:8      | Reached XP level 10. HP: 43/56 MP: 10/10
  7889 | D:8      | Reached skill level 13 in Maces & Flails
  9146 | D:9      | Received a gift from Trog
  9316 | D:9      | Reached skill level 14 in Maces & Flails
  9479 | D:9      | Reached skill level 1 in Stealth
 10911 | D:9      | Reached XP level 11. HP: 51/62 MP: 11/11
 10962 | D:10     | Entered Level 10 of the Dungeon
 10976 | D:10     | Found a staircase to the Lair.
 11489 | D:10     | Found a staircase to the Orcish Mines.
 11507 | D:10     | Reached skill level 5 in Fighting
 11799 | D:10     | Reached skill level 5 in Dodging
 11853 | D:10     | Noticed a hill giant
 11868 | D:10     | Mangled by a hill giant

Action                   |  1- 3 |  4- 6 |  7- 9 | 10-12 || total
-------------------------+-------+-------+-------+-------++-------
Melee: Mace              |   199 |   159 |   359 |   407 ||  1124
Invok: Berserk           |     1 |     3 |    13 |    11 ||    28
       Trog's Hand       |       |     1 |       |       ||     1
       Brothers in Arms  |       |       |       |     3 ||     3
  Use: Potion            |       |     2 |       |     1 ||     3
       Scroll            |       |       |     1 |       ||     1
  Eat: Chunk             |    11 |     5 |    25 |    33 ||    74
       Pizza             |       |       |     1 |       ||     1
